3245 views
Uploaded 2020-04-04 19:46:37
Game version 1.32.3
4:59 long 4on4 ladder game on (8)GoldRush
Saved by ChuckleMan
3245 views
Uploaded 2020-04-04 19:46:37
Game version 1.32.3
4:59 long 4on4 ladder game on (8)GoldRush


52 units @ 5.6k
/ 0.3k
29 buildings @ 4.1k
/ 1k

| Acolyte | 2 | 150 | / | 0 |
| Ghoul | 1 | 120 | / | 0 |
| Crypt Fiend | 7 | 1505 | / | 280 |
| Footman | 1 | 135 | / | 0 |
| Peasant | 1 | 75 | / | 0 |
| total: | 12 | 1985g | / | 280w |
| Graveyard | 1 | 215 | / | 0 |
| Crypt | 1 | 200 | / | 50 |
| Altar of Darkness | 1 | 180 | / | 50 |
| Ziggurat | 3 | 450 | / | 150 |
| Tomb of Relics | 1 | 130 | / | 30 |
| total: | 7 | 1175g | / | 280w |
| 0:03 | Acolyte |
| 0:03 | Acolyte |
| 0:23 | Graveyard |
| 0:25 | Crypt |
| 0:41 | Altar of Darkness |
| 0:55 | Ziggurat |
| 1:27 | Ghoul |
| 1:47 | Crypt Fiend |
| 1:47 | Crypt Fiend |
| 1:50 | Ziggurat |
| 1:52 | Ziggurat |
| 2:09 | Tomb of Relics |
| 2:21 | Crypt Fiend |
| 2:40 | Footman |
| 2:49 | Death Coil |
| 2:53 | Crypt Fiend |
| 3:23 | Crypt Fiend |
| 4:16 | Unholy Aura |
| 4:18 | Crypt Fiend |
| 4:34 | Peasant |
| 4:38 | Crypt Fiend |
| Right click | 113 |
| Select | 95 |
| Select group | 64 |
| Build/train/purchase | 18 |
| Assign group | 13 |
| Misc. action | 5 |
| Use ability | 5 |
| Minimap ping | 4 |
| Chat | 4 |

| Rod of Necromancy | 1 | 150 |
| total: | 1 | 150g |
| Acolyte | 2 | 150 | / | 0 |
| Ghoul | 3 | 360 | / | 0 |
| Peasant | 5 | 375 | / | 0 |
| total: | 10 | 885g | / | 0w |
| Nerubian Tower | 1 | 100 | / | 20 |
| Ziggurat | 2 | 300 | / | 100 |
| Crypt | 1 | 200 | / | 50 |
| Altar of Darkness | 1 | 180 | / | 50 |
| Tomb of Relics | 1 | 130 | / | 30 |
| Graveyard | 1 | 215 | / | 0 |
| total: | 6 | 1025g | / | 230w |
| 0:34 | Acolyte |
| 0:35 | Acolyte |
| 0:42 | Ziggurat |
| 0:44 | Crypt |
| 0:56 | Altar of Darkness |
| 1:19 | Tomb of Relics |
| 1:33 | Peasant |
| 1:34 | Peasant |
| 1:49 | Ghoul |
| 1:56 | Ziggurat |
| 2:03 | Nerubian Tower |
| 2:09 | Ghoul |
| 2:28 | Peasant |
| 2:28 | Peasant |
| 2:28 | Peasant |
| 2:38 | Ghoul |
| 2:55 | Graveyard |
| 2:58 | Rod of Necromancy |
| 3:41 | Thunder Clap |
| 4:05 | Death Coil |
| Select | 80 |
| Right click | 59 |
| Build/train/purchase | 20 |
| Misc. action | 8 |

| Peasant | 22 | 1650 | / | 0 |
| Footman | 8 | 1080 | / | 0 |
| total: | 30 | 2730g | / | 0w |
| Altar of Kings | 2 | 360 | / | 100 |
| Farm | 7 | 560 | / | 140 |
| Barracks | 2 | 320 | / | 120 |
| Lumber Mill | 2 | 240 | / | 0 |
| Arcane Vault | 2 | 260 | / | 60 |
| Blacksmith | 1 | 140 | / | 60 |
| total: | 16 | 1880g | / | 480w |
| 0:03 | Peasant |
| 0:03 | Peasant |
| 0:03 | Peasant |
| 0:04 | Peasant |
| 0:13 | Peasant |
| 0:13 | Peasant |
| 0:13 | Peasant |
| 0:21 | Altar of Kings |
| 0:22 | Peasant |
| 0:29 | Altar of Kings |
| 0:34 | Farm |
| 0:39 | Peasant |
| 0:46 | Farm |
| 0:50 | Barracks |
| 0:51 | Farm |
| 0:56 | Farm |
| 0:58 | Peasant |
| 1:00 | Barracks |
| 1:02 | Peasant |
| 1:02 | Peasant |
| 1:06 | Peasant |
| 1:13 | Peasant |
| 1:19 | Lumber Mill |
| 1:22 | Peasant |
| 1:28 | Lumber Mill |
| 1:44 | Peasant |
| 1:48 | Arcane Vault |
| 1:51 | Footman |
| 1:53 | Farm |
| 1:57 | Arcane Vault |
| 2:01 | Footman |
| 2:05 | Farm |
| 2:11 | Peasant |
| 2:18 | Footman |
| 2:28 | Holy Light |
| 2:29 | Peasant |
| 2:51 | Farm |
| 3:32 | Footman |
| 3:33 | Footman |
| 3:33 | Footman |
| 3:56 | Peasant |
| 4:06 | Peasant |
| 4:06 | Peasant |
| 4:09 | Blacksmith |
| 4:12 | Footman |
| 4:12 | Footman |
| 4:29 | Peasant |
| Select | 105 |
| Right click | 53 |
| Build/train/purchase | 36 |
| Minimap ping | 5 |
| Assign group | 4 |
| Select group | 4 |
| Use ability | 2 |
| Remove unit | 1 |
57 units @ 6.3k
/ 0.3k
28 buildings @ 4.8k
/ 1.3k


| Wisp | 9 | 540 | / | 0 |
| Archer | 5 | 650 | / | 50 |
| Huntress | 4 | 780 | / | 80 |
| total: | 18 | 1970g | / | 130w |
| Altar of Elders | 1 | 180 | / | 50 |
| Moon Well | 4 | 720 | / | 160 |
| Ancient of War | 2 | 300 | / | 120 |
| Hunter's Hall | 1 | 210 | / | 100 |
| Ancient of Wonders | 1 | 90 | / | 30 |
| total: | 9 | 1500g | / | 460w |
| 0:04 | Wisp |
| 0:04 | Wisp |
| 0:04 | Wisp |
| 0:04 | Wisp |
| 0:22 | Altar of Elders |
| 0:34 | Moon Well |
| 0:54 | Ancient of War |
| 1:04 | Wisp |
| 1:05 | Wisp |
| 1:16 | Wisp |
| 1:31 | Wisp |
| 1:55 | Archer |
| 2:01 | Hunter's Hall |
| 2:03 | Wisp |
| 2:17 | Moon Well |
| 2:26 | Immolation |
| 2:36 | Moon Well |
| 2:40 | Ancient of War |
| 2:47 | Moon Well |
| 3:22 | Archer |
| 3:25 | Archer |
| 3:50 | Huntress |
| 3:50 | Huntress |
| 3:52 | Archer |
| 3:52 | Archer |
| 4:23 | Ancient of Wonders |
| 4:29 | Searing Arrows |
| 4:39 | Huntress |
| 4:39 | Huntress |
| Select | 123 |
| Right click | 122 |
| Chat | 73 |
| Build/train/purchase | 24 |
| Select group | 18 |
| Use ability | 5 |
| Resource trade | 4 |
| Assign group | 1 |
| Wisp | 2 | 120 | / | 0 |
| total: | 2 | 120g | / | 0w |
| 0:05 | Wisp |
| 0:05 | Wisp |
| Select | 6 |
| Right click | 4 |
| Build/train/purchase | 2 |

| Rod of Necromancy | 1 | 150 |
| total: | 1 | 150g |
| Acolyte | 2 | 150 | / | 0 |
| Ghoul | 6 | 720 | / | 0 |
| Crypt Fiend | 3 | 645 | / | 120 |
| total: | 11 | 1515g | / | 120w |
| Crypt | 1 | 200 | / | 50 |
| Graveyard | 1 | 215 | / | 0 |
| Ziggurat | 2 | 300 | / | 100 |
| Altar of Darkness | 1 | 180 | / | 50 |
| Tomb of Relics | 1 | 130 | / | 30 |
| Halls of the Dead | 1 | 320 | / | 210 |
| total: | 6 | 1025g | / | 230w |
| 0:06 | Acolyte |
| 0:10 | Crypt |
| 0:14 | Graveyard |
| 0:22 | Acolyte |
| 0:40 | Ziggurat |
| 1:04 | Altar of Darkness |
| 1:20 | Ghoul |
| 1:23 | Ghoul |
| 2:00 | Tomb of Relics |
| 2:01 | Ziggurat |
| 2:24 | Crypt Fiend |
| 2:40 | Crypt Fiend |
| 3:07 | Rod of Necromancy |
| 3:09 | Death Coil |
| 3:25 | Ghoul |
| 3:25 | Ghoul |
| 3:26 | Ghoul |
| 4:04 | Ghoul |
| 4:27 | Unholy Aura |
| 4:35 | Crypt Fiend |
| 4:49 | Halls of the Dead |
| Chat | 108 |
| Right click | 104 |
| Select | 51 |
| Select group | 50 |
| Build/train/purchase | 23 |
| Misc. action | 19 |
| Assign group | 11 |
| Use ability | 3 |
| Esc | 1 |

| Acolyte | 2 | 150 | / | 0 |
| Ghoul | 10 | 1200 | / | 0 |
| Wisp | 7 | 420 | / | 0 |
| Archer | 7 | 910 | / | 70 |
| total: | 26 | 2680g | / | 70w |
| Crypt | 1 | 200 | / | 50 |
| Necropolis | 1 | 225 | / | 0 |
| Ziggurat | 3 | 450 | / | 150 |
| Altar of Darkness | 1 | 180 | / | 50 |
| Halls of the Dead | 1 | 320 | / | 210 |
| Altar of Elders | 1 | 180 | / | 50 |
| Moon Well | 3 | 540 | / | 120 |
| Ancient of War | 3 | 450 | / | 180 |
| Tree of Ages | 1 | 320 | / | 180 |
| total: | 13 | 2225g | / | 600w |
| 0:04 | Acolyte |
| 0:10 | Crypt |
| 0:16 | Acolyte |
| 0:23 | Altar of Elders |
| 0:26 | Moon Well |
| 0:28 | Wisp |
| 0:28 | Wisp |
| 0:43 | Necropolis |
| 0:51 | Ziggurat |
| 0:57 | Wisp |
| 0:57 | Wisp |
| 0:59 | Ancient of War |
| 1:02 | Wisp |
| 1:08 | Altar of Darkness |
| 1:22 | Ghoul |
| 1:26 | Ancient of War |
| 1:27 | Ancient of War |
| 1:32 | Wisp |
| 1:36 | Ghoul |
| 1:51 | Moon Well |
| 1:54 | Wisp |
| 1:54 | Ghoul |
| 2:05 | Moon Well |
| 2:07 | Archer |
| 2:16 | Ghoul |
| 2:25 | Archer |
| 2:27 | Trueshot Aura |
| 2:35 | Ghoul |
| 2:41 | Ziggurat |
| 2:45 | Archer |
| 2:52 | Archer |
| 2:56 | Ghoul |
| 3:03 | Archer |
| 3:19 | Carrion Beetles |
| 3:23 | Ghoul |
| 3:26 | Archer |
| 3:30 | Ziggurat |
| 3:42 | Ghoul |
| 3:54 | Ghoul |
| 4:13 | Ghoul |
| 4:18 | Tree of Ages |
| 4:19 | Archer |
| 4:23 | Spiked Carapace |
| 4:36 | Halls of the Dead |
| Chat | 180 |
| Right click | 113 |
| Select | 87 |
| Build/train/purchase | 36 |
| Select group | 28 |
| Assign group | 17 |
| Misc. action | 13 |
| Resource trade | 13 |
| Minimap ping | 5 |
| Use ability | 3 |
| Esc | 1 |
⇛